 Dungeon Crawl Stone Soup version 0.27-a0-291-gd9602db6ee (webtiles) character file.

Game seed: 9779082275126640509

3960 septik the Cleaver (level 10, -7/90 HPs)
             Began as a Minotaur Berserker on Feb 9, 2021.
             Was an Elder of Trog.
             Killed by divine providence
             ... invoked by a smoke demon
              (8 damage)
             ... on level 2 of the Abyss.
             The game lasted 00:13:47 (6085 turns).

septik the Cleaver (Minotaur Berserker)             Turns: 6085, Time: 00:13:49

Health: -7/90      AC:  6    Str: 25      XL:     10   Next: 2%
Magic:  7/7        EV: 12    Int:  4      God:    Trog [****..]
Gold:   419        SH:  0    Dex:  5 (8)  Spells: 9/9 levels left

rFire    . . .     SeeInvis .   a - +1 battleaxe (freeze)
rCold    . . .     Faith    .   (shield currently unavailable)
rNeg     . . .     Spirit   .   g - +0 troll leather armour
rPois    .         Reflect  .   (helmet restricted)
rElec    .         Harm     .   (no cloak)
rCorr    .         Rampage  .   D - +0 pair of gloves
Will     .....     Rnd*Tele +   (no boots)
Stlth    +.........             (no amulet)
HPRegen  0.65/turn              (no ring)
MPRegen  0.10/turn              (no ring)

@: slowed, very slow
A: retaliatory headbutt, horns 2, clumsy 1, low mp 2, teleportitis 1, subdued
magic 1
a: Renounce Religion, Berserk, Trog's Hand, Brothers in Arms


You were on level 2 of the Abyss.
You worshipped Trog.
Trog was greatly pleased with you.
You visited 1 branch of the dungeon, and saw 8 of its levels.
You visited the Abyss 1 time.

You collected 419 gold pieces.

Inventory:

Hand Weapons
 a - a +1 battleaxe of freezing (weapon)
 b - a +0 hunting sling
 r - a +0 hand axe
Missiles
 j - 310 stones
 m - 55 sling bullets
 t - 8 boomerangs
 v - 3 throwing nets
Armour
 g - a +0 troll leather armour (worn)
 k - a +0 chain mail
 D - a +0 pair of gloves (worn)
Jewellery
 e - an uncursed ring of see invisible
 i - an uncursed ring of fire
 E - a +4 ring of evasion {unknown}
 F - a cursed ring of flight {unknown}
Wands
 l - a wand of acid (7)
 p - a wand of random effects (32)
Scrolls
 c - 12 scrolls of identify
 d - 2 scrolls of teleportation
 q - 3 scrolls of fog {unknown}
 s - 2 scrolls of immolation {unknown}
 u - a scroll of noise {unknown}
 w - 2 scrolls of enchant weapon {unknown}
 y - 5 scrolls of remove curse {unknown}
 z - 2 scrolls of magic mapping {unknown}
Potions
 f - a potion of haste
 h - a potion of might
 n - a potion of heal wounds
 o - 2 potions of ambrosia {unknown}
 x - a potion of curing {unknown}
 A - a potion of attraction {unknown}
 B - a potion of flight {unknown}
 C - 2 potions of degeneration {unknown}


   Skills:
 + Level 8.6 Fighting
 * Level 11.3 Axes
 + Level 8.1 Armour
 + Level 7.4 Dodging


You had 9 spell levels left.
You didn't know any spells.
Your spell library was empty.

Dungeon Overview and Level Annotations

Branches:
Dungeon (8/15)             Temple (0/1) D:7
   Lair: D:8-11

Altars:
Hepliaklqana

Shops:
D:6 *   D:7 :

Annotations:
D:8 Psyche


Innate Abilities, Weirdness & Mutations

You reflexively headbutt those who attack you in melee.
You have a pair of horns on your head.
You are clumsy. (Dex -2)
Your magical capacity is very low. (-20% MP)
You are occasionally teleported next to monsters.
Your spells are a little easier to cast, but a little less powerful.


Message History

A starcursed mass splits.
The guardian serpent hits you!! The small abomination hits you.
The guardian serpent hits you!!
* * * LOW HITPOINT WARNING * * *
The guardian serpent coils itself and waves its upper body at you.
You feel yourself slow down.
Found 40 gold pieces.
The guardian serpent coils itself and waves its upper body at you.
The neqoxec blinks!
The starcursed mass blinks into view!
The large abomination blinks!
The smoke demon hits you.
* * * LOW HITPOINT WARNING * * *
The smoke demon hits you.
* * * LOW HITPOINT WARNING * * *
The smoke demon hits you but does no damage.
The large abomination completely misses you.
A starcursed mass splits.
The neqoxec hits you but does no damage.
The smoke demon gestures at you. Something smites you!
You die...

......3##..#...#..
.............N.#
.... ##
....##ยง.#...# ...
####..###..#...
v.. .
#..##x##.#### .$.
#..X#.#.#.#
#...3#X..#..S..# #
..#.##X#...##.X#.#
#.##....#.#..#@..#
..#.#.#.#.33X..#
...#.#. ##.X#.##
...#. ..$#... #.#
.##.# ..# ## ###
###


You could see 2 starcursed masses, a large abomination, a guardian serpent, a
smoke demon, a neqoxec, a naga and a small abomination.

Vanquished Creatures
  Pikel (D:6)
  A worldbinder (Abyss:2)
  A troll (D:5)
  Grinder (D:3)
  Sigmund (D:6)
  4 golden eyes (Abyss:2)
  A neqoxec (Abyss:2)
  A necrophage (D:5)
  3 ice beasts
  4 ogres
  A lemure (D:6)
  Blork the orc (D:6)
  5 scorpions
  2 howler monkeys
  2 quasits
  A bullfrog zombie (D:8)
  A centaur zombie (D:7)
  3 orc priests
  A bullfrog skeleton (D:4)
  2 hounds
  A jelly (D:6)
  A gnoll shaman (D:6)
  Ijyb (D:3)
  5 orc wizards
  4 worker ants
  2 hound skeletons (D:7)
  Robin (D:2)
  2 worker ant zombies
  A howler monkey skeleton (D:4)
  6 gnolls (D:6)
  5 adders
  A white imp (D:5)
  An ufetubus (D:7)
  An ooze (D:1)
  3 worms
  A dart slug (D:1)
  3 leopard geckos
  23 orcs
  6 giant cockroaches
  19 goblins
  7 hobgoblins
  2 jackals (D:3)
  9 kobolds
  2 quokkas (D:3)
  2 ball pythons (D:5)
  8 bats
  6 frilled lizards
  A quokka zombie (D:5)
  11 rats
  A lurking horror (Abyss:2)
173 creatures vanquished.

Vanquished Creatures (others)
  A plant (D:6)
1 creature vanquished.

Grand Total: 174 creatures vanquished

Notes
Turn   | Place    | Note
-------+----------+-------------------------------------------
     0 | D:1      | septik the Minotaur Berserker began the quest for the Orb.
     0 | D:1      | Reached XP level 1. HP: 19/19 MP: 0/0
   248 | D:1      | Reached XP level 2. HP: 26/27 MP: 1/1
   258 | D:1      | Reached skill level 4 in Axes
   887 | D:2      | Reached XP level 3. HP: 33/33 MP: 2/2
   887 | D:2      | Reached ** piety under Trog
  1259 | D:2      | Noticed Robin
  1271 | D:2      | Killed Robin
  1272 | D:2      | Reached XP level 4. HP: 27/40 MP: 3/3
  1574 | D:3      | Noticed Ijyb
  1583 | D:3      | Killed Ijyb
  1584 | D:3      | Reached skill level 5 in Axes
  1689 | D:3      | Reached *** piety under Trog
  1794 | D:3      | Noticed Grinder
  1804 | D:3      | Killed Grinder
  1805 | D:3      | Reached skill level 5 in Fighting
  1805 | D:3      | Reached skill level 6 in Axes
  1805 | D:3      | Reached XP level 5. HP: 48/48 MP: 4/4
  1805 | D:3      | Reached XP level 6. HP: 56/56 MP: 5/5
  2639 | D:4      | Reached XP level 7. HP: 38/61 MP: 6/6
  2764 | D:4      | Reached skill level 7 in Axes
  2914 | D:4      | Reached **** piety under Trog
  3153 | D:4      | Reached skill level 5 in Armour
  3274 | D:5      | Entered Level 5 of the Dungeon
  3437 | D:5      | Noticed a troll
  3444 | D:5      | Reached skill level 8 in Axes
  3444 | D:5      | Reached skill level 5 in Dodging
  3444 | D:5      | Reached XP level 8. HP: 45/70 MP: 7/7
  3445 | D:5      | Killed a troll
  4205 | D:6      | Noticed Pikel
  4212 | D:6      | Killed Pikel
  4213 | D:6      | Reached skill level 9 in Axes
  4275 | D:6      | Reached XP level 9. HP: 77/79 MP: 8/8
  4316 | D:6      | Noticed Blork the orc
  4317 | D:6      | Noticed Sigmund
  4320 | D:6      | Killed Blork the orc
  4322 | D:6      | Killed Sigmund
  4323 | D:6      | Reached skill level 10 in Axes
  4398 | D:6      | Found Ulumakky's Assorted Antiques.
  4521 | D:6      | Reached ***** piety under Trog
  4788 | D:7      | Found Ujempuni's Book Shop.
  4952 | D:7      | Found a hazy altar of Hepliaklqana.
  5056 | D:7      | Found a staircase to the Ecumenical Temple.
  5755 | D:8      | Noticed Psyche
  5765 | D:8      | Cast into level 2 of the Abyss (Psyche)
  5809 | Abyss:2  | Noticed a hellwing
  5812 | Abyss:2  | Noticed a daeva
  5953 | Abyss:2  | Noticed a smoke demon
  5983 | Abyss:2  | Gained mutation: Your magical capacity is low. (-10% MP) [a
                  | neqoxec]
  5992 | Abyss:2  | Reached skill level 11 in Axes
  5994 | Abyss:2  | Gained mutation: Your magical capacity is very low. (-20%
                  | MP) [a neqoxec]
  5996 | Abyss:2  | Gained mutation: You are occasionally teleported next to
                  | monsters. [a neqoxec]
  6001 | Abyss:2  | Noticed a worldbinder
  6001 | Abyss:2  | Gained mutation: Your spells are a little easier to cast,
                  | but a little less powerful. [a neqoxec]
  6003 | Abyss:2  | Noticed a cane toad
  6003 | Abyss:2  | Noticed a cane toad
  6012 | Abyss:2  | Gained mutation: You are clumsy. (Dex -2) [a neqoxec]
  6013 | Abyss:2  | Killed a worldbinder
  6014 | Abyss:2  | Reached XP level 10. HP: 9/90 MP: 7/7
  6051 | Abyss:2  | Noticed a smoke demon
  6055 | Abyss:2  | Noticed a starcursed mass
  6065 | Abyss:2  | Noticed a smoke demon
  6065 | Abyss:2  | Noticed a large abomination
  6070 | Abyss:2  | Noticed a guardian serpent
  6085 | Abyss:2  | HP: 4/90 [smoke demon (5)]
  6085 | Abyss:2  | HP: 1/90 [smoke demon (3)]
  6085 | Abyss:2  | Killed from afar by a smoke demon

Illustrated notes

Levels and vault maps discovered:
D:1:      wheals_arrival_linesprint, layout_loops_ring
D:2:      layout_basic, uniq_robin
D:3:      layout_loops_cross, uniq_ijyb, uniq_grinder
D:4:      layout_basic
D:5:      layout_basic, serial_rivers, chequers_serial_rivers_small_b,
          chequers_serial_rivers_micro_e, chequers_serial_rivers_micro_e,
          chequers_serial_rivers_room_a, chequers_serial_rivers_micro_c,
          chequers_serial_rivers_room_b, minmay_chambers_of_fives
D:6:      layout_loops_ring, serial_shops, nicolae_shop_overgrown_old_shop,
          uniq_sigmund, uniq_blork_the_orc, uniq_pikel
D:7:      layout_basic, minmay_temple_entry_trees, serial_shops,
          nicolae_shop_temple_entry_statues_fountains, basic_altar
D:8:      layout_basic, nemelex_altar_shiori, nrook_loot_triangle, uniq_psyche
Abyss:2:  base: D:8, serial_sigils_hangedman_quiver,
          evilmike_abyss_exit_mutagenic

Skill      XL: |  1  2  3  4  5  6  7  8  9 |
---------------+----------------------------+-----
Axes           | 4 6 8 9 11 | 11.3
Fighting       | 4 5 6 7 8 |  8.6
Armour         | 3 4 5 6 8 |  8.1
Dodging        | 3 4 5 6 7 |  7.4

Action                   |  1- 3 |  4- 6 |  7- 9 | 10-12 || total
-------------------------+-------+-------+-------+-------++-------
Melee: Hand axe          |    73 |    51 |     3 |       ||   127
       Headbutt          |     5 |    12 |    35 |       ||    52
       Battleaxe         |       |    53 |   159 |     9 ||   221
 Fire: Hunting sling     |       |       |     6 |       ||     6
Invok: Berserk           |     1 |     3 |     7 |       ||    11
       Trog's Hand       |       |     1 |     1 |       ||     2
  Use: Scroll            |       |       |     3 |       ||     3
       Potion            |       |       |       |     3 ||     3
Armor: Ring mail         |     3 |       |       |       ||     3
       Animal skin       |     1 |       |       |       ||     1
       Troll leather arm |    16 |    35 |    35 |    20 ||   106
Dodge: Dodged            |    50 |    54 |    94 |    24 ||   222

Table legend: (Time is in decaauts)
 A = Elapsed time spent in this place.
 B = Non-inter-level travel time spent in this place.
 C = Inter-level travel time spent in this place.
 D = Time resting spent in this place.
 E = Time spent auto-exploring this place.
 F = Levels seen in this place.
 G = Mean time per level.
                   A        B        C        D        E       F      G
               +--------+--------+--------+--------+--------+-----+--------+
         Total |   6243 |   5926 |    317 |    181 |   4577 |   9 |  693.7 |
       Dungeon |   5918 |   5601 |    317 |     59 |   4577 |   8 |  739.8 |
         Abyss |    325 |    325 |      0 |    122 |      0 |   1 |  325.0 |
               +--------+--------+--------+--------+--------+-----+--------+

Top non-repeatable levels by time:
     D:1: 1001 daAuts
     D:5: 893 daAuts
     D:3: 848 daAuts
     D:2: 759 daAuts
     D:4: 746 daAuts
     D:7: 731 daAuts
     D:6: 680 daAuts
 Abyss:2: 325 daAuts
     D:8: 259 daAuts
